[ AOE2 MATCH · #477671624 ]
UnrankedPersians vs None
Player's team · LOSS
Rival team · WIN
[ REPLAY ANALYSIS · EXTRACTED FROM THE RECORDED GAME ]
Feudal
—
Castle
—
Imperial
—
| APM avg | 20.2 |
| APM peak | 46 |
| eAPM avg | 14.5 |
| Villagers / military | 0 / 557 |
Focus
⚔️ 84.8% · 🌾 15.2%
Camel Scout ×411 · Knight ×146
Feudal
—
Castle
—
Imperial
—
| APM avg | 28.2 |
| APM peak | 60 |
| eAPM avg | 22.2 |
| Villagers / military | 0 / 1115 |
Focus
⚔️ 98.7% · 🌾 1.3%
Knight ×1115
Feudal
—
Castle
—
Imperial
—
| APM avg | 26.9 |
| APM peak | 51 |
| eAPM avg | 13.9 |
| Villagers / military | 0 / 819 |
Focus
⚔️ 96.3% · 🌾 3.7%
Knight ×390 · Battle Elephant ×240 · Cavalry Archer ×189
Feudal
—
Castle
—
Imperial
—
| APM avg | 24.9 |
| APM peak | 58 |
| eAPM avg | 5.8 |
| Villagers / military | 0 / 21 |
Focus
⚔️ 95.2% · 🌾 4.8%
Spearman ×21
Feudal
—
Castle
—
Imperial
—
| APM avg | 36.0 |
| APM peak | 74 |
| eAPM avg | 12.3 |
| Villagers / military | 0 / 112 |
Focus
⚔️ 90.6% · 🌾 9.4%
Knight ×111 · Scout Cavalry ×1
Feudal
—
Castle
—
Imperial
—
| APM avg | 17.5 |
| APM peak | 39 |
| eAPM avg | 9.1 |
| Villagers / military | 0 / 427 |
Focus
⚔️ 94.5% · 🌾 5.5%
Knight ×427
Feudal
—
Castle
—
Imperial
—
| APM avg | 13.3 |
| APM peak | 29 |
| eAPM avg | 7.4 |
| Villagers / military | 0 / 0 |
Focus
⚔️ 100.0% · 🌾 0.0%
Feudal
—
Castle
—
Imperial
—
| APM avg | 25.0 |
| APM peak | 77 |
| eAPM avg | 7.1 |
| Villagers / military | 0 / 240 |
Focus
⚔️ 98.0% · 🌾 2.0%
Knight ×240
Match map
Initial resources + every placement click. Lines = walls · curves = elevation contours. ◆ gold · ⬟ stone · ● berries · ✦ relic · ◌ wall gap
Your base· Open
xpentanx's base· Open
水文學包文值's base· ✓ Map-separated
alfarruko's base· Open
zukarii-'s base· ✓ Map-separated
Frog0nFire's base· Open
Chocolate Nestle's base· Open
AfflictedGod's base· Open
Smoothed initial terrain · ◌ = detected wall gap · hover for details
Inputs per minute
— Sasquash - - xpentanx
Build order — Sasquash
First 150 of 217 actions detected
| 13:10 | Research | Leather Archer Armor |
| 13:11 | Research | Chain Mail Armor |
| 13:12 | Research | Chain Barding Armor |
| 13:12 | Research | Iron Casting |
| 13:14 | Research | Bodkin Arrow |
| 13:16 | Research | Kamandaran |
| 13:21 | Research | Ballistics |
| 13:22 | Research | Guard Tower (upgrade) |
| 18:31 | Build | Stable |
| 18:32 | Build | Stable |
| 18:34 | Build | Stable |
| 18:35 | Build | Stable |
| 18:37 | Build | Stable |
| 18:39 | Build | Stable |
| 18:50 | Build | Stable |
| 18:52 | Build | Stable |
| 18:54 | Build | Stable |
| 18:56 | Build | Stable |
| 18:58 | Build | Stable |
| 19:01 | Build | Stable |
| 19:02 | Build | Stable |
| 19:43 | Research | Bloodlines |
| 19:43 | Research | Light Cavalry (upgrade) |
| 19:45 | Create | Knight ×5 |
| 19:45 | Create | Knight ×5 |
| 19:45 | Create | Knight ×5 |
| 19:46 | Create | Knight ×3 |
| 19:52 | Create | Knight ×5 |
| 19:53 | Create | Knight ×5 |
| 19:53 | Create | Knight ×5 |
| 19:53 | Create | Knight ×5 |
| 20:52 | Create | Knight ×5 |
| 20:52 | Create | Knight ×5 |
| 20:52 | Create | Knight ×5 |
| 20:53 | Create | Knight ×5 |
| 20:53 | Create | Knight ×3 |
| 21:02 | Create | Knight |
| 21:03 | Create | Knight |
| 21:17 | Create | Knight ×5 |
| 21:17 | Create | Knight ×5 |
| 21:18 | Create | Knight ×5 |
| 21:18 | Create | Knight ×5 |
| 21:18 | Create | Knight ×2 |
| 21:19 | Create | Knight ×2 |
| 21:51 | Create | Knight ×4 |
| 21:51 | Create | Knight ×4 |
| 21:52 | Create | Knight ×4 |
| 21:53 | Create | Knight |
| 21:53 | Create | Knight |
| 21:58 | Create | Knight |
| 21:59 | Create | Knight |
| 22:08 | Create | Knight |
| 22:08 | Create | Knight ×2 |
| 22:08 | Create | Knight ×2 |
| 22:35 | Create | Knight ×5 |
| 22:36 | Create | Knight ×5 |
| 22:36 | Create | Knight ×5 |
| 22:37 | Create | Knight ×5 |
| 22:37 | Create | Knight ×4 |
| 22:37 | Create | Knight ×4 |
| 23:01 | Create | Knight ×5 |
| 23:01 | Create | Knight ×5 |
| 23:08 | Create | Camel Scout |
| 23:08 | Create | Camel Scout |
| 23:13 | Create | Camel Scout |
| 23:14 | Create | Camel Scout |
| 23:44 | Build | Stable |
| 23:46 | Build | Stable |
| 23:48 | Build | Stable |
| 24:03 | Build | Watch Tower |
| 24:03 | Build | Watch Tower |
| 24:04 | Build | Watch Tower |
| 24:04 | Build | Watch Tower |
| 24:06 | Build | Watch Tower |
| 24:07 | Build | Watch Tower |
| 24:08 | Build | Watch Tower |
| 24:08 | Build | Watch Tower |
| 24:09 | Build | Watch Tower |
| 24:09 | Build | Watch Tower |
| 24:12 | Build | Watch Tower |
| 24:12 | Build | Watch Tower |
| 24:13 | Build | Watch Tower |
| 24:14 | Build | Watch Tower |
| 24:16 | Build | Watch Tower |
| 24:17 | Build | Watch Tower |
| 24:18 | Build | Watch Tower |
| 24:18 | Build | Watch Tower |
| 24:20 | Build | Watch Tower |
| 24:21 | Build | Watch Tower |
| 24:22 | Build | Watch Tower |
| 24:23 | Build | Watch Tower |
| 24:24 | Build | Watch Tower |
| 24:25 | Build | Watch Tower |
| 24:26 | Build | Watch Tower |
| 24:26 | Build | Watch Tower |
| 24:28 | Build | Watch Tower |
| 24:29 | Build | Watch Tower |
| 24:30 | Build | Watch Tower |
| 24:30 | Build | Watch Tower |
| 24:37 | Build | Watch Tower |
| 24:38 | Build | Watch Tower |
| 24:39 | Build | Watch Tower |
| 24:40 | Build | Watch Tower |
| 25:08 | Create | Camel Scout ×5 |
| 25:08 | Create | Camel Scout ×5 |
| 25:09 | Create | Camel Scout ×5 |
| 25:09 | Create | Camel Scout ×5 |
| 25:09 | Create | Camel Scout ×5 |
| 25:10 | Create | Camel Scout ×5 |
| 25:10 | Create | Camel Scout ×5 |
| 25:10 | Create | Camel Scout ×5 |
| 25:11 | Create | Camel Scout ×5 |
| 25:11 | Create | Camel Scout ×5 |
| 25:11 | Create | Camel Scout ×5 |
| 25:12 | Create | Camel Scout ×5 |
| 25:12 | Create | Camel Scout ×5 |
| 25:12 | Create | Camel Scout ×5 |
| 25:13 | Create | Camel Scout ×4 |
| 25:39 | Create | Camel Scout ×5 |
| 25:39 | Create | Camel Scout ×5 |
| 25:40 | Create | Camel Scout ×5 |
| 25:40 | Create | Camel Scout ×5 |
| 25:40 | Create | Camel Scout ×5 |
| 25:40 | Create | Camel Scout ×5 |
| 26:10 | Create | Camel Scout ×5 |
| 26:10 | Create | Camel Scout ×5 |
| 26:10 | Create | Camel Scout ×5 |
| 26:11 | Create | Camel Scout ×5 |
| 26:11 | Create | Camel Scout ×5 |
| 26:11 | Create | Camel Scout ×5 |
| 26:12 | Create | Camel Scout ×4 |
| 26:16 | Create | Camel Scout |
| 26:16 | Create | Camel Scout |
| 26:18 | Create | Camel Scout |
| 26:18 | Create | Camel Scout ×2 |
| 26:19 | Create | Camel Scout ×2 |
| 26:57 | Create | Camel Scout ×5 |
| 26:57 | Create | Camel Scout ×5 |
| 26:58 | Create | Camel Scout ×5 |
| 26:58 | Create | Camel Scout ×5 |
| 26:58 | Create | Camel Scout ×5 |
| 26:59 | Create | Camel Scout ×3 |
| 27:03 | Create | Camel Scout ×5 |
| 27:03 | Create | Camel Scout ×5 |
| 27:03 | Create | Camel Scout ×5 |
| 27:04 | Create | Camel Scout ×5 |
| 27:45 | Research | Heavy Camel Rider (upgrade) |
| 27:46 | Research | Cavalier (upgrade) |
| 27:48 | Create | Camel Scout ×5 |
| 27:48 | Create | Camel Scout ×5 |
Build order — xpentanx
First 150 of 329 actions detected
| 13:06 | Research | Chain Barding Armor |
| 13:07 | Research | Iron Casting |
| 13:08 | Research | Bodkin Arrow |
| 13:09 | Research | Leather Archer Armor |
| 13:10 | Research | Chain Mail Armor |
| 13:13 | Research | Ballistics |
| 15:11 | Build | Stable |
| 15:13 | Build | Stable |
| 15:14 | Build | Stable |
| 15:15 | Build | Stable |
| 15:22 | Build | Stable |
| 15:23 | Build | Stable |
| 15:27 | Build | Stable |
| 15:29 | Build | Stable |
| 15:31 | Build | Stable |
| 15:32 | Build | Stable |
| 15:34 | Build | Stable |
| 15:35 | Build | Stable |
| 15:37 | Build | Stable |
| 15:39 | Build | Stable |
| 15:44 | Build | Stable |
| 15:46 | Build | Stable |
| 15:47 | Build | Stable |
| 15:49 | Build | Stable |
| 15:51 | Build | Stable |
| 15:52 | Build | Stable |
| 15:55 | Build | Stable |
| 15:57 | Build | Stable |
| 15:59 | Build | Stable |
| 16:01 | Build | Stable |
| 16:03 | Build | Stable |
| 16:04 | Build | Stable |
| 16:07 | Build | Stable |
| 16:09 | Build | Stable |
| 16:18 | Research | Bloodlines |
| 16:19 | Research | Husbandry |
| 17:25 | Create | Knight ×5 |
| 17:26 | Create | Knight ×5 |
| 17:26 | Create | Knight ×5 |
| 17:26 | Create | Knight ×5 |
| 17:27 | Create | Knight ×5 |
| 17:27 | Create | Knight ×5 |
| 17:28 | Create | Knight ×5 |
| 17:28 | Create | Knight |
| 18:17 | Create | Knight ×5 |
| 18:17 | Create | Knight ×5 |
| 18:18 | Create | Knight ×5 |
| 18:18 | Create | Knight ×5 |
| 18:18 | Create | Knight ×5 |
| 18:19 | Create | Knight ×4 |
| 18:30 | Create | Knight |
| 18:54 | Create | Knight ×5 |
| 18:54 | Create | Knight ×5 |
| 18:54 | Create | Knight ×5 |
| 18:55 | Create | Knight ×4 |
| 19:06 | Create | Knight ×2 |
| 19:07 | Create | Knight |
| 19:13 | Create | Knight |
| 19:19 | Create | Knight |
| 19:50 | Create | Knight ×5 |
| 19:51 | Create | Knight ×5 |
| 19:51 | Create | Knight ×5 |
| 19:51 | Create | Knight ×5 |
| 19:52 | Create | Knight ×5 |
| 20:12 | Create | Knight ×5 |
| 20:12 | Create | Knight ×5 |
| 20:12 | Create | Knight ×5 |
| 20:15 | Create | Knight ×2 |
| 21:41 | Create | Knight ×5 |
| 21:41 | Create | Knight ×5 |
| 21:42 | Create | Knight ×5 |
| 21:42 | Create | Knight ×5 |
| 21:43 | Create | Knight ×5 |
| 21:43 | Create | Knight ×5 |
| 21:43 | Create | Knight ×5 |
| 21:44 | Create | Knight ×5 |
| 21:44 | Create | Knight ×5 |
| 21:45 | Create | Knight ×5 |
| 21:45 | Create | Knight ×5 |
| 21:45 | Create | Knight ×5 |
| 21:46 | Create | Knight ×5 |
| 21:46 | Create | Knight ×5 |
| 21:47 | Create | Knight ×5 |
| 21:47 | Create | Knight ×5 |
| 21:47 | Create | Knight ×5 |
| 21:49 | Create | Knight |
| 21:56 | Create | Knight ×2 |
| 22:27 | Create | Knight ×5 |
| 22:27 | Create | Knight ×5 |
| 22:28 | Create | Knight ×5 |
| 22:28 | Create | Knight ×5 |
| 22:28 | Create | Knight ×5 |
| 22:29 | Create | Knight ×5 |
| 22:29 | Create | Knight ×5 |
| 22:29 | Create | Knight ×5 |
| 22:30 | Create | Knight ×4 |
| 22:31 | Create | Knight ×4 |
| 22:34 | Create | Knight |
| 22:39 | Create | Knight |
| 22:40 | Create | Knight ×5 |
| 22:40 | Create | Knight ×5 |
| 22:40 | Create | Knight ×5 |
| 22:45 | Create | Knight ×5 |
| 22:46 | Create | Knight ×5 |
| 22:46 | Create | Knight ×5 |
| 22:47 | Create | Knight ×2 |
| 22:51 | Create | Knight ×2 |
| 22:52 | Create | Knight ×2 |
| 23:09 | Create | Knight ×5 |
| 23:10 | Create | Knight ×5 |
| 23:10 | Create | Knight ×5 |
| 23:11 | Create | Knight ×5 |
| 23:11 | Create | Knight ×5 |
| 23:11 | Create | Knight ×5 |
| 23:12 | Create | Knight ×5 |
| 23:12 | Create | Knight ×5 |
| 23:12 | Create | Knight |
| 23:16 | Create | Knight ×2 |
| 23:46 | Create | Knight ×5 |
| 23:47 | Create | Knight ×5 |
| 23:47 | Create | Knight ×5 |
| 23:48 | Create | Knight ×5 |
| 23:48 | Create | Knight ×5 |
| 23:48 | Create | Knight ×5 |
| 24:09 | Create | Knight ×5 |
| 24:10 | Create | Knight ×5 |
| 24:10 | Create | Knight ×5 |
| 24:11 | Create | Knight ×5 |
| 24:11 | Create | Knight ×5 |
| 24:11 | Create | Knight ×5 |
| 24:12 | Create | Knight ×5 |
| 24:12 | Create | Knight ×5 |
| 24:12 | Create | Knight ×5 |
| 24:13 | Create | Knight ×5 |
| 24:13 | Create | Knight ×5 |
| 24:14 | Create | Knight ×5 |
| 24:14 | Create | Knight ×5 |
| 24:14 | Create | Knight ×5 |
| 24:15 | Create | Knight ×5 |
| 24:20 | Create | Knight |
| 24:20 | Create | Knight |
| 24:30 | Build | Stable |
| 24:32 | Build | Stable |
| 24:33 | Build | Stable |
| 24:35 | Build | Stable |
| 24:36 | Build | Stable |
| 24:38 | Build | Stable |
| 24:39 | Build | Stable |
| 24:40 | Build | Stable |
| 24:42 | Build | Stable |
Build order — 水文學包文值
First 150 of 224 actions detected
| 4:46 | Build | Stable |
| 4:48 | Build | Stable |
| 5:50 | Build | Stone Wall |
| 5:51 | Build | Stone Wall |
| 5:54 | Build | Stone Wall |
| 5:58 | Build | Stone Wall |
| 6:02 | Build | Stone Wall |
| 6:42 | Build | Stable |
| 6:44 | Build | Stable |
| 8:05 | Research | Bloodlines |
| 9:23 | Build | Stable |
| 9:24 | Build | Stable |
| 9:25 | Build | Stable |
| 9:28 | Build | Stable |
| 11:06 | Build | Stable |
| 11:08 | Build | Stable |
| 11:09 | Build | Stable |
| 11:10 | Build | Stable |
| 13:26 | Build | Archery Range |
| 13:28 | Build | Archery Range |
| 13:30 | Build | Archery Range |
| 13:34 | Build | Archery Range |
| 14:56 | Research | Husbandry |
| 14:58 | Create | Knight ×5 |
| 14:58 | Create | Knight ×5 |
| 14:58 | Create | Knight ×5 |
| 14:58 | Create | Knight ×5 |
| 14:58 | Create | Knight ×5 |
| 14:59 | Create | Knight ×5 |
| 14:59 | Create | Knight ×5 |
| 14:59 | Create | Knight ×5 |
| 14:59 | Create | Knight ×5 |
| 15:00 | Create | Knight ×5 |
| 15:00 | Create | Knight ×5 |
| 15:00 | Create | Knight ×5 |
| 15:00 | Create | Knight ×5 |
| 15:01 | Create | Knight ×5 |
| 15:01 | Create | Knight ×5 |
| 15:01 | Create | Knight ×5 |
| 15:01 | Create | Knight ×5 |
| 15:02 | Create | Knight ×5 |
| 15:02 | Create | Knight ×5 |
| 15:02 | Create | Knight ×5 |
| 15:02 | Create | Knight ×5 |
| 15:03 | Create | Knight ×5 |
| 15:03 | Create | Knight ×5 |
| 15:03 | Create | Knight ×5 |
| 15:03 | Create | Knight ×5 |
| 15:04 | Create | Knight ×5 |
| 15:25 | Research | Chain Barding Armor |
| 15:26 | Research | Iron Casting |
| 15:27 | Research | Leather Archer Armor |
| 15:27 | Research | Chain Mail Armor |
| 15:30 | Research | Treadmill Crane |
| 15:31 | Research | Ballistics |
| 16:28 | Research | Thumb Ring |
| 16:29 | Research | Crossbowman (upgrade) |
| 16:30 | Research | Elite Skirmisher (upgrade) |
| 16:32 | Create | Cavalry Archer ×5 |
| 16:32 | Create | Cavalry Archer ×5 |
| 16:33 | Create | Cavalry Archer ×5 |
| 16:33 | Create | Cavalry Archer ×5 |
| 16:33 | Create | Cavalry Archer ×5 |
| 16:33 | Create | Cavalry Archer ×5 |
| 16:33 | Create | Cavalry Archer ×5 |
| 16:34 | Create | Cavalry Archer ×5 |
| 17:25 | Create | Knight ×5 |
| 17:26 | Create | Knight ×5 |
| 17:26 | Create | Knight ×5 |
| 17:26 | Create | Knight ×5 |
| 17:27 | Create | Knight ×5 |
| 17:27 | Create | Knight ×5 |
| 17:27 | Create | Knight ×5 |
| 17:27 | Create | Knight ×5 |
| 17:28 | Create | Knight ×5 |
| 17:28 | Create | Knight ×5 |
| 18:22 | Create | Cavalry Archer ×5 |
| 18:22 | Create | Cavalry Archer ×5 |
| 18:22 | Create | Cavalry Archer ×5 |
| 18:23 | Create | Cavalry Archer ×5 |
| 18:23 | Create | Cavalry Archer ×3 |
| 18:42 | Build | Archery Range |
| 21:10 | Research | Spies/Treason |
| 21:12 | Research | Tech 621 |
| 21:15 | Research | Paper Money |
| 21:18 | Research | Chatras |
| 21:28 | Research | Heavy Cavalry Archer (upgrade) |
| 21:30 | Research | Arbalester (upgrade) |
| 21:38 | Research | Elite Battle Elephant (upgrade) |
| 21:39 | Research | Cavalier (upgrade) |
| 21:45 | Research | Cavalier (upgrade) |
| 21:53 | Create | Battle Elephant ×5 |
| 21:54 | Create | Battle Elephant ×5 |
| 21:54 | Create | Battle Elephant ×5 |
| 21:54 | Create | Battle Elephant ×5 |
| 21:54 | Create | Battle Elephant ×5 |
| 21:54 | Create | Battle Elephant ×5 |
| 21:55 | Create | Battle Elephant ×5 |
| 21:55 | Create | Battle Elephant ×5 |
| 21:55 | Create | Battle Elephant ×5 |
| 21:55 | Create | Battle Elephant ×5 |
| 21:56 | Create | Battle Elephant ×5 |
| 21:56 | Create | Battle Elephant ×5 |
| 21:56 | Create | Battle Elephant ×5 |
| 21:56 | Create | Battle Elephant ×5 |
| 21:56 | Create | Battle Elephant ×5 |
| 21:57 | Create | Battle Elephant ×5 |
| 21:57 | Create | Battle Elephant ×5 |
| 21:57 | Create | Battle Elephant ×5 |
| 21:57 | Create | Battle Elephant ×5 |
| 21:58 | Create | Battle Elephant ×5 |
| 21:58 | Create | Battle Elephant ×5 |
| 21:58 | Create | Battle Elephant ×5 |
| 21:58 | Create | Battle Elephant ×5 |
| 21:59 | Create | Battle Elephant ×5 |
| 21:59 | Create | Battle Elephant ×5 |
| 23:14 | Research | Imperial Skirmisher (upgrade) |
| 23:16 | Create | Cavalry Archer ×5 |
| 23:16 | Create | Cavalry Archer ×5 |
| 23:17 | Create | Cavalry Archer ×5 |
| 23:17 | Create | Cavalry Archer ×5 |
| 23:17 | Create | Cavalry Archer ×5 |
| 23:17 | Create | Cavalry Archer ×5 |
| 23:18 | Create | Cavalry Archer ×5 |
| 23:18 | Create | Cavalry Archer ×5 |
| 23:18 | Create | Cavalry Archer ×5 |
| 23:18 | Create | Cavalry Archer ×3 |
| 23:23 | Research | Chemistry |
| 23:24 | Research | Siege Engineers |
| 23:25 | Research | Guard Tower (upgrade) |
| 23:26 | Research | Arrowslits |
| 23:27 | Research | Tech 908 |
| 23:27 | Research | Careening |
| 23:32 | Research | Plate Barding Armor |
| 23:33 | Research | Bodkin Arrow |
| 23:33 | Research | Ring Archer Armor |
| 23:34 | Research | Plate Mail Armor |
| 24:16 | Create | Knight ×5 |
| 24:16 | Create | Knight ×5 |
| 24:16 | Create | Knight ×5 |
| 24:17 | Create | Knight ×5 |
| 24:17 | Create | Knight ×5 |
| 24:17 | Create | Knight ×5 |
| 24:17 | Create | Knight ×5 |
| 24:17 | Create | Knight ×5 |
| 24:18 | Create | Knight ×5 |
| 24:18 | Create | Knight ×5 |
| 24:18 | Create | Knight ×5 |
| 24:18 | Create | Knight ×5 |
| 24:19 | Create | Knight ×5 |
Build order — alfarruko
73 actions detected in the replay
| 8:50 | Build | Stable |
| 8:52 | Build | Stable |
| 8:54 | Build | Stable |
| 8:54 | Build | Stable |
| 8:58 | Build | Stable |
| 8:59 | Build | Stable |
| 9:01 | Build | Stable |
| 9:02 | Build | Stable |
| 9:05 | Build | Stable |
| 9:06 | Build | Stable |
| 9:07 | Build | Stable |
| 9:09 | Build | Stable |
| 9:14 | Build | Stable |
| 9:15 | Build | Stable |
| 9:17 | Build | Stable |
| 9:18 | Build | Stable |
| 10:14 | Build | Stone Wall |
| 11:28 | Build | Stone Wall |
| 13:19 | Research | Bloodlines |
| 15:53 | Build | Stone Wall |
| 16:08 | Build | Gate |
| 17:16 | Build | Stone Wall |
| 19:48 | Build | Gate |
| 20:00 | Research | Husbandry |
| 20:03 | Research | Tusk Swords |
| 20:06 | Research | Chain Barding Armor |
| 20:07 | Research | Iron Casting |
| 20:08 | Research | Chain Mail Armor |
| 20:08 | Research | Leather Archer Armor |
| 20:08 | Research | Bodkin Arrow |
| 20:11 | Research | Ballistics |
| 20:11 | Research | Guard Tower (upgrade) |
| 20:12 | Research | Tech 909 |
| 20:13 | Research | Careening |
| 20:13 | Research | Tech 908 |
| 23:31 | Build | Barracks |
| 23:32 | Build | Barracks |
| 23:34 | Build | Barracks |
| 23:35 | Build | Barracks |
| 23:37 | Build | Barracks |
| 24:44 | Research | Pikeman (upgrade) |
| 25:16 | Research | Arson |
| 26:19 | Research | Long Swordsman (upgrade) |
| 28:03 | Build | Barracks |
| 28:04 | Build | Barracks |
| 28:05 | Build | Barracks |
| 28:07 | Build | Barracks |
| 28:11 | Build | Barracks |
| 28:13 | Build | Barracks |
| 28:14 | Build | Barracks |
| 28:15 | Build | Barracks |
| 28:19 | Build | Barracks |
| 29:25 | Create | Spearman |
| 29:25 | Create | Spearman |
| 29:26 | Create | Spearman |
| 29:26 | Create | Spearman |
| 29:26 | Create | Spearman |
| 29:26 | Create | Spearman |
| 29:27 | Create | Spearman |
| 29:27 | Create | Spearman |
| 29:27 | Create | Spearman |
| 29:28 | Create | Spearman |
| 29:28 | Create | Spearman |
| 29:28 | Create | Spearman |
| 29:29 | Create | Spearman |
| 29:29 | Create | Spearman |
| 29:29 | Create | Spearman |
| 29:30 | Create | Spearman |
| 29:30 | Create | Spearman |
| 29:30 | Create | Spearman |
| 29:30 | Create | Spearman |
| 29:32 | Create | Spearman |
| 29:32 | Create | Spearman |
Build order — zukarii-
115 actions detected in the replay
| 11:32 | Research | Iron Casting |
| 11:32 | Research | Chain Mail Armor |
| 11:33 | Research | Chain Mail Armor |
| 11:37 | Research | Ballistics |
| 11:37 | Research | Ballistics |
| 11:38 | Research | Guard Tower (upgrade) |
| 12:04 | Research | Stirrups |
| 12:09 | Research | Chain Barding Armor |
| 12:10 | Research | Chain Mail Armor |
| 12:11 | Research | Bodkin Arrow |
| 12:11 | Research | Leather Archer Armor |
| 20:43 | Build | Stable |
| 20:50 | Build | Stable |
| 21:07 | Build | Stable |
| 22:04 | Build | Stable |
| 22:09 | Research | Elite Konnik (upgrade) |
| 22:13 | Research | Spies/Treason |
| 22:16 | Research | Bagains |
| 22:17 | Research | Plate Barding Armor |
| 22:18 | Research | Blast Furnace |
| 22:19 | Research | Bracer |
| 22:35 | Build | Stable |
| 22:50 | Research | Cavalier (upgrade) |
| 22:51 | Research | Bloodlines |
| 22:52 | Research | Husbandry |
| 22:55 | Build | Stable |
| 23:16 | Build | Stable |
| 23:18 | Create | Scout Cavalry |
| 23:35 | Research | Plate Mail Armor |
| 23:37 | Research | Chemistry |
| 23:38 | Research | Siege Engineers |
| 23:39 | Research | Keep (upgrade) |
| 23:55 | Build | Stone Wall |
| 23:57 | Build | Stone Wall |
| 24:04 | Create | Knight |
| 24:05 | Create | Knight |
| 24:05 | Create | Knight |
| 24:27 | Create | Knight |
| 24:28 | Create | Knight |
| 24:28 | Create | Knight |
| 24:28 | Create | Knight |
| 24:29 | Create | Knight |
| 24:48 | Build | Stable |
| 25:07 | Create | Knight |
| 25:07 | Create | Knight |
| 25:07 | Create | Knight |
| 25:08 | Create | Knight |
| 25:08 | Create | Knight |
| 25:09 | Create | Knight |
| 25:09 | Create | Knight |
| 25:09 | Create | Knight |
| 25:10 | Create | Knight |
| 25:10 | Create | Knight |
| 25:13 | Research | Conscription |
| 25:14 | Research | Conscription |
| 25:26 | Create | Knight |
| 25:27 | Create | Knight |
| 25:28 | Create | Knight |
| 25:28 | Create | Knight |
| 25:29 | Create | Knight |
| 25:37 | Build | Stable |
| 25:38 | Create | Knight |
| 25:38 | Create | Knight |
| 25:38 | Create | Knight |
| 25:39 | Create | Knight |
| 25:39 | Create | Knight |
| 25:51 | Build | Stable |
| 25:52 | Build | Stable |
| 25:55 | Create | Knight |
| 25:55 | Create | Knight |
| 25:55 | Create | Knight |
| 25:56 | Create | Knight |
| 25:56 | Create | Knight |
| 25:57 | Create | Knight |
| 25:57 | Create | Knight |
| 26:17 | Create | Knight |
| 26:17 | Create | Knight |
| 26:17 | Create | Knight |
| 26:18 | Create | Knight |
| 26:38 | Create | Knight |
| 26:39 | Create | Knight |
| 26:39 | Create | Knight |
| 26:39 | Create | Knight |
| 26:44 | Create | Knight |
| 26:45 | Create | Knight |
| 26:45 | Create | Knight |
| 26:45 | Create | Knight |
| 26:57 | Create | Knight |
| 26:57 | Create | Knight |
| 26:57 | Create | Knight |
| 26:58 | Create | Knight |
| 27:03 | Create | Knight |
| 27:03 | Create | Knight |
| 27:04 | Create | Knight |
| 27:04 | Create | Knight |
| 27:04 | Create | Knight |
| 27:05 | Create | Knight |
| 27:05 | Create | Knight |
| 27:05 | Create | Knight |
| 27:17 | Create | Knight |
| 27:17 | Create | Knight |
| 27:17 | Create | Knight |
| 27:18 | Create | Knight |
| 27:18 | Create | Knight |
| 27:18 | Create | Knight |
| 27:19 | Create | Knight |
| 28:17 | Create | Knight ×5 |
| 28:18 | Create | Knight ×5 |
| 28:18 | Create | Knight ×5 |
| 28:19 | Create | Knight ×5 |
| 28:19 | Create | Knight ×5 |
| 28:19 | Create | Knight ×5 |
| 28:20 | Create | Knight ×5 |
| 28:20 | Create | Knight ×5 |
| 28:20 | Create | Knight ×5 |
Build order — Frog0nFire
125 actions detected in the replay
| 5:33 | Build | Stone Wall |
| 6:07 | Build | Stone Wall |
| 8:02 | Build | Stable |
| 8:03 | Build | Stable |
| 8:04 | Build | Stable |
| 8:09 | Build | Stable |
| 8:12 | Build | Stable |
| 10:16 | Research | Bloodlines |
| 11:20 | Build | Stable |
| 11:22 | Build | Stable |
| 11:27 | Build | Stone Wall |
| 17:09 | Build | Stone Wall |
| 18:20 | Build | Stable |
| 18:22 | Build | Stable |
| 18:23 | Build | Stable |
| 18:25 | Build | Stable |
| 18:26 | Build | Stable |
| 18:29 | Build | Stable |
| 21:04 | Build | Gate |
| 21:13 | Research | Chain Mail Armor |
| 21:13 | Research | Iron Casting |
| 21:14 | Research | Chain Barding Armor |
| 21:14 | Research | Bodkin Arrow |
| 21:15 | Research | Leather Archer Armor |
| 21:18 | Research | Ironclad |
| 21:21 | Research | Ballistics |
| 21:28 | Create | Knight ×5 |
| 21:28 | Create | Knight ×5 |
| 21:28 | Create | Knight ×5 |
| 21:29 | Create | Knight ×5 |
| 21:29 | Create | Knight ×5 |
| 21:29 | Create | Knight ×5 |
| 21:30 | Create | Knight ×5 |
| 21:30 | Create | Knight ×5 |
| 21:30 | Create | Knight ×5 |
| 21:31 | Create | Knight ×5 |
| 21:31 | Create | Knight ×5 |
| 21:31 | Create | Knight ×5 |
| 21:32 | Create | Knight ×5 |
| 21:32 | Create | Knight ×5 |
| 21:40 | Build | Stable |
| 21:53 | Create | Knight ×5 |
| 21:53 | Create | Knight ×5 |
| 21:54 | Create | Knight ×5 |
| 21:54 | Create | Knight ×5 |
| 21:54 | Create | Knight ×5 |
| 21:55 | Create | Knight ×5 |
| 21:55 | Create | Knight ×5 |
| 21:55 | Create | Knight ×5 |
| 21:58 | Create | Knight ×5 |
| 21:59 | Create | Knight |
| 21:59 | Create | Knight |
| 22:34 | Build | Stable |
| 23:49 | Build | Stable |
| 23:51 | Build | Stable |
| 23:54 | Build | Stable |
| 23:56 | Build | Stable |
| 24:36 | Research | Guard Tower (upgrade) |
| 24:42 | Create | Knight ×5 |
| 24:42 | Create | Knight ×5 |
| 24:43 | Create | Knight ×5 |
| 24:43 | Create | Knight ×5 |
| 24:43 | Create | Knight ×5 |
| 24:44 | Create | Knight ×5 |
| 24:44 | Create | Knight ×5 |
| 24:44 | Create | Knight ×5 |
| 24:45 | Create | Knight ×5 |
| 24:45 | Create | Knight ×5 |
| 24:45 | Create | Knight ×5 |
| 24:46 | Create | Knight ×5 |
| 24:46 | Create | Knight ×5 |
| 24:46 | Create | Knight ×5 |
| 24:47 | Create | Knight ×5 |
| 24:47 | Create | Knight ×5 |
| 24:47 | Create | Knight ×5 |
| 24:48 | Create | Knight ×5 |
| 24:48 | Create | Knight ×5 |
| 24:48 | Create | Knight ×5 |
| 25:30 | Create | Knight ×5 |
| 25:30 | Create | Knight ×5 |
| 25:31 | Create | Knight ×5 |
| 25:31 | Create | Knight ×5 |
| 25:31 | Create | Knight ×5 |
| 25:32 | Create | Knight ×5 |
| 25:32 | Create | Knight ×5 |
| 25:55 | Create | Knight ×5 |
| 25:56 | Create | Knight ×5 |
| 25:56 | Create | Knight ×5 |
| 25:56 | Create | Knight ×5 |
| 25:57 | Create | Knight ×5 |
| 26:11 | Create | Knight ×5 |
| 26:11 | Create | Knight ×5 |
| 26:11 | Create | Knight ×2 |
| 26:12 | Create | Knight ×4 |
| 26:13 | Create | Knight ×4 |
| 27:05 | Create | Knight ×5 |
| 27:05 | Create | Knight ×5 |
| 27:06 | Create | Knight ×5 |
| 27:06 | Create | Knight ×5 |
| 27:06 | Create | Knight ×5 |
| 27:07 | Create | Knight ×5 |
| 27:07 | Create | Knight ×5 |
| 27:07 | Create | Knight ×5 |
| 27:08 | Create | Knight ×5 |
| 27:08 | Create | Knight ×5 |
| 27:08 | Create | Knight ×5 |
| 27:09 | Create | Knight ×2 |
| 27:58 | Build | Stable |
| 28:05 | Create | Knight ×5 |
| 28:06 | Create | Knight ×5 |
| 28:06 | Create | Knight ×5 |
| 28:07 | Create | Knight ×5 |
| 28:07 | Create | Knight ×5 |
| 28:07 | Create | Knight ×5 |
| 28:08 | Create | Knight ×5 |
| 28:13 | Create | Knight ×4 |
| 28:13 | Create | Knight ×4 |
| 28:24 | Create | Knight |
| 28:24 | Create | Knight |
| 29:00 | Create | Knight ×5 |
| 29:00 | Create | Knight ×5 |
| 29:01 | Create | Knight ×5 |
| 29:01 | Create | Knight ×5 |
| 29:01 | Create | Knight ×5 |
| 29:01 | Create | Knight ×3 |
Build order — Chocolate Nestle
8 actions detected in the replay
| 29:32 | Research | Hill Forts |
| 29:39 | Research | Ballistics |
| 29:40 | Research | Iron Casting |
| 29:41 | Research | Iron Casting |
| 29:41 | Research | Iron Casting |
| 29:42 | Research | Chain Barding Armor |
| 29:42 | Research | Chain Barding Armor |
| 29:43 | Research | Chain Barding Armor |
Build order — AfflictedGod
81 actions detected in the replay
| 9:22 | Build | Stable |
| 9:23 | Build | Stable |
| 9:24 | Build | Stable |
| 9:28 | Build | Stable |
| 9:39 | Build | Stable |
| 9:42 | Build | Stable |
| 9:43 | Build | Stable |
| 9:44 | Build | Stable |
| 9:46 | Build | Stable |
| 9:48 | Build | Stable |
| 9:49 | Build | Stable |
| 9:50 | Build | Stable |
| 9:52 | Build | Stable |
| 9:57 | Build | Stable |
| 9:58 | Build | Stable |
| 10:00 | Build | Stable |
| 10:01 | Build | Stable |
| 10:16 | Build | Stone Wall |
| 13:04 | Build | Stone Wall |
| 13:48 | Research | Bloodlines |
| 16:51 | Build | Gate |
| 24:04 | Research | Husbandry |
| 24:05 | Create | Knight ×5 |
| 24:05 | Create | Knight ×5 |
| 24:06 | Create | Knight ×5 |
| 24:06 | Create | Knight ×5 |
| 24:06 | Create | Knight ×5 |
| 24:06 | Create | Knight ×5 |
| 24:07 | Create | Knight ×5 |
| 24:07 | Create | Knight ×5 |
| 24:07 | Create | Knight ×5 |
| 24:07 | Create | Knight ×5 |
| 24:08 | Create | Knight ×5 |
| 24:08 | Create | Knight ×5 |
| 24:08 | Create | Knight ×5 |
| 24:09 | Create | Knight ×5 |
| 24:09 | Create | Knight ×5 |
| 24:09 | Create | Knight ×5 |
| 24:09 | Create | Knight ×5 |
| 24:10 | Create | Knight ×5 |
| 24:10 | Create | Knight ×5 |
| 24:10 | Create | Knight ×5 |
| 24:11 | Create | Knight ×5 |
| 24:11 | Create | Knight ×5 |
| 24:11 | Create | Knight ×5 |
| 24:11 | Create | Knight ×5 |
| 24:12 | Create | Knight ×5 |
| 24:12 | Create | Knight ×5 |
| 24:12 | Create | Knight ×5 |
| 24:12 | Create | Knight ×5 |
| 24:13 | Create | Knight ×5 |
| 24:13 | Create | Knight ×5 |
| 24:13 | Create | Knight ×5 |
| 24:13 | Create | Knight ×5 |
| 24:14 | Create | Knight ×5 |
| 24:14 | Create | Knight ×5 |
| 24:14 | Create | Knight ×5 |
| 24:15 | Create | Knight ×5 |
| 24:15 | Create | Knight ×5 |
| 24:15 | Create | Knight ×5 |
| 24:15 | Create | Knight ×5 |
| 24:16 | Create | Knight ×5 |
| 24:16 | Create | Knight ×5 |
| 24:16 | Create | Knight ×5 |
| 24:17 | Create | Knight ×5 |
| 24:17 | Create | Knight ×5 |
| 24:17 | Create | Knight ×5 |
| 24:17 | Create | Knight ×5 |
| 24:18 | Create | Knight ×5 |
| 24:18 | Create | Knight ×5 |
| 24:23 | Research | Chain Barding Armor |
| 24:23 | Research | Iron Casting |
| 24:24 | Research | Chain Mail Armor |
| 24:24 | Research | Bodkin Arrow |
| 24:24 | Research | Leather Archer Armor |
| 26:10 | Build | Stable |
| 26:12 | Build | Stable |
| 26:13 | Build | Stable |
| 26:14 | Build | Stable |
| 26:18 | Build | Watch Tower |
| 27:53 | Build | Stone Wall |
Match timeline
| 4:46 | 水文學包文值 · first_building Stable |
| 5:33 | Frog0nFire · wall_segment Stone Wall x12 |
| 5:50 | 水文學包文值 · wall_segment Stone Wall x2 |
| 5:51 | 水文學包文值 · wall_segment Stone Wall x1 |
| 5:54 | 水文學包文值 · wall_segment Stone Wall x3 |
| 5:58 | 水文學包文值 · wall_segment Stone Wall x2 |
| 6:02 | 水文學包文值 · wall_segment Stone Wall x2 |
| 6:07 | Frog0nFire · wall_segment Stone Wall x4 |
| 8:02 | Frog0nFire · first_building Stable |
| 8:50 | alfarruko · first_building Stable |
| 9:22 | AfflictedGod · first_building Stable |
| 10:14 | alfarruko · wall_segment Stone Wall x6 |
| 10:16 | AfflictedGod · wall_segment Stone Wall x12 |
| 11:27 | Frog0nFire · wall_segment Stone Wall x4 |
| 11:28 | alfarruko · wall_segment Stone Wall x10 |
| 13:04 | AfflictedGod · wall_segment Stone Wall x13 |
| 13:26 | 水文學包文值 · first_building Archery Range |
| 15:11 | xpentanx · first_building Stable |
| 15:53 | alfarruko · wall_segment Stone Wall x16 |
| 17:09 | Frog0nFire · wall_segment Stone Wall x4 |
| 17:16 | alfarruko · wall_segment Stone Wall x1 |
| 18:31 | Sasquash · first_building Stable |
| 20:43 | zukarii- · first_building Stable |
| 23:31 | alfarruko · first_building Barracks |
| 23:55 | zukarii- · wall_segment Stone Wall x1 |
| 23:57 | zukarii- · wall_segment Stone Wall x1 |
| 27:53 | AfflictedGod · wall_segment Stone Wall x1 |
| 29:44 | zukarii- · resign |
[ AI ANALYSIS · 1 CREDIT ]
What really happened in this match?
Wolo.gg analyzes every decision: build order, eco, micro, common mistakes by bracket. Personalized analysis on WhatsApp or Discord in 30 seconds.
Civ guide
Persians
Perfil
Sasquash